 Dungeon Crawl Stone Soup version 0.25.0-8-gfd19cd77bd (webtiles) character file.

Game seed: 17944632007343262853

734036 LSt the Conqueror (level 27, 0/409 HPs)
             Began as a Minotaur Fighter on June 15, 2020.
             Was the Champion of the Shining One.
             Slain by a bennu (6 damage)
             ... on level 3 of the Tomb of the Ancients on June 16, 2020.
             The game lasted 09:26:29 (93107 turns).

LSt the Conqueror (Minotaur Fighter)               Turns: 93107, Time: 09:26:30

Health: 0/409      AC: 41    Str: 32    XL:     27
Magic:  25/34      EV:  2    Int:  5    God:    the Shining One [******]
Gold:   6282       SH:  0    Dex: 12    Spells: 26/26 levels left

rFire    + . .     SeeInvis +   a - +9 executioner's axe (holy)
rCold    + + +     Gourm    .   (shield currently unavailable)
rNeg     + + +     Faith    .   (armour currently unavailable)
rPois    +         Spirit   .   (helmet currently unavailable)
rElec    .         Reflect  .   (cloak currently unavailable)
rCorr    .         Harm     .   (gloves currently unavailable)
MR       +++++     Clarity  +   (boots currently unavailable) Stlth +.........NoTele +
                                G - amulet of the Four Winds {rN+ MR+++ Clar}
HPRegen  0.78/turn              O - ring of the Slug {rF+ rC++ AC+4 SInv}
MPRegen  0.24/turn              r - ring "Dirgha" {rC++ MR+ AC+4}

@: mighty, tree-form (expiring), slowed, glowing, very slow
A: (retaliatory headbutt)
}: 5/15 runes: barnacled, slimy, silver, abyssal, gossamer
a: Divine Shield, Cleansing Flame, Summon Divine Warrior, Renounce Religion


You were on level 3 of the Tomb of the Ancients.
You worshipped the Shining One.
The Shining One was exalted by your worship.
You were not hungry.
You were a tree.
You visited 11 branches of the dungeon, and saw 51 of its levels.
You visited the Abyss 4 times.
You visited 2 bazaars.
You also visited: Bailey, Ice Cave and Desolation.

You collected 9544 gold pieces.
You spent 3160 gold pieces at shops.
You donated 102 gold pieces to Zin.

Inventory:

Hand Weapons
 a - a +9 executioner's axe of holy wrath (weapon)
 b - a +9 arbalest of flaming
Missiles
 e - 254 stones
 g - 6 silver javelins (quivered)
 i - 1910 bolts
Armour
 c - a +2 hat (melded)
 s - the +7 chain mail "Ditwaj" {-Tele Harm +Inv Dex+5}
   (Okawaru gifted it to you on level 2 of the Vaults)

   It affects your dexterity (+5).
   It lets you turn invisible.
   It prevents most forms of teleportation.
   It increases damage dealt and taken.
 x - the +2 pair of gloves "Efexapt" (melded) {rElec Str+4}
   (You bought it in a shop on level 2 of the Orcish Mines)

   It affects your strength (+4).
   It insulates you from electricity.
 L - a +2 pair of boots (melded)
 V - a +10 plate armour of fire resistance (melded)
 Y - a scarf of repulsion (melded)
Jewellery
 m - the ring "Danicor" {+Inv rF+ rN+ Int+2}
   (You found it on level 3 of the Crypt)

   [ring of positive energy]

   It affects your intelligence (+2).
   It protects you from fire.
   It protects you from negative energy.
   It lets you turn invisible.
 n - a +4 ring of evasion
 r - the ring "Dirgha" (right branch) {rC++ MR+ AC+4}
   (You bought it in a shop in a bazaar)

   [ring of protection]

   It affects your AC (+4).
   It greatly protects you from cold.
   It affects your resistance to hostile enchantments.
 z - a +6 ring of intelligence
 C - the ring "Paotsais" {+Fly rN+ Int+2}
   (You found it on level 3 of the Crypt)

   [ring of positive energy]

   It affects your intelligence (+2).
   It protects you from negative energy.
   It lets you fly.
 G - the amulet of the Four Winds (around neck) {rN+ MR+++ Clar}
   (You found it on level 12 of the Dungeon)

   [amulet of nothing]

   It protects you from negative energy.
   It affects your resistance to hostile enchantments.
   It protects you against confusion.
 H - the ring "Witat" {rN+ rCorr}
   (You took it off a deep elf death mage on level 3 of the Elven Halls)

   [ring of resist corrosion]

   It protects you from negative energy.
   It provides partial protection from all sources of acid and corrosion.
 I - an uncursed ring of poison resistance
 O - the ring of the Slug (left branch) {rF+ rC++ AC+4 SInv}
   (You took it off a tengu reaver on level 3 of the Vaults)

   [ring of protection]

   It affects your AC (+4).
   It protects you from fire.
   It greatly protects you from cold.
   It lets you see invisible.
Wands
 w - a wand of iceblast (36)
 T - a wand of acid (31)
 U - a wand of polymorph (15)
 W - a wand of digging (21)
Scrolls
 h - 8 scrolls of fear
 o - 29 scrolls of remove curse
 q - 19 scrolls of immolation
 v - a scroll of enchant armour
 B - 12 scrolls of identify
 D - 5 scrolls of silence
 F - 17 scrolls of blinking
 K - 7 scrolls of fog
 N - 3 scrolls of magic mapping
 R - 18 scrolls of teleportation
 S - 4 scrolls of holy word
Potions
 d - 6 potions of might
 j - 3 potions of mutation
 k - 23 potions of curing
 l - 2 potions of lignification
 p - a potion of cancellation
 t - a potion of haste
 y - 2 potions of resistance
 A - 2 potions of magic
 E - 3 potions of ambrosia
 X - 5 potions of berserk rage
 Z - 11 potions of heal wounds
Miscellaneous
 u - 11 phantom mirrors
 Q - a phial of floods
Comestibles
 f - 58 rations


   Skills:
 O Level 27 Fighting
 O Level 27 Axes
 - Level 20.9 Crossbows
 * Level 21.8 Throwing
 - Level 19.8 Armour
 - Level 16.7 Dodging
   Level 3.6 Shields
 - Level 16.2 Invocations
 - Level 3.0 Evocations


You had 26 spell levels left.
You didn't know any spells.
Your spell library contained the following spells:

 Spells                   Type           Power        Failure   Level  Hunger
 Animate Skeleton         Necr           N/A          47%         1    ##.....
 Apportation              Tloc           #.....       47%         1    ##.....
 Beastly Appendage        Tmut           #.....       47%         1    ##.....
 Corona                   Hex            #......      47%         1    ##.....
 Freeze                   Ice            #...         47%         1    ##.....
 Infusion                 Chrm           #...         47%         1    ##.....
 Magic Dart               Conj           #...         47%         1    ##.....
 Pain                     Necr           #...         47%         1    ##.....
 Sandblast                Erth           #.....       47%         1    ##.....
 Shock                    Conj/Air       #...         47%         1    ##.....
 Sting                    Tmut/Pois      #...         47%         1    ##.....
 Summon Butterflies       Summ           #.......     47%         1    ##.....
 Blink                    Tloc           N/A          63%         2    ###....
 Call Imp                 Summ           #.......     63%         2    ###....
 Corpse Rot               Necr/Air       N/A          63%         2    ###....
 Ensorcelled Hibernation  Hex/Ice        #.....       63%         2    ###....
 Passwall                 Tmut/Erth      #.......     63%         2    ###....
 Poisonous Vapours        Pois/Air       #.....       63%         2    ###....
 Searing Ray              Conj           #.....       63%         2    ###....
 Shroud of Golubria       Chrm/Tloc      #.....       63%         2    ###....
 Slow                     Hex            #.......     63%         2    ###....
 Song of Slaying          Chrm           #.......     63%         2    ###....
 Sticks to Snakes         Tmut           #.......     63%         2    ###....
 Swiftness                Chrm/Air       #.......     63%         2    ###....
 Call Canine Familiar     Summ           #.......     85%         3    ####...
 Confusing Touch          Hex            #.......     85%         3    ####...
 Conjure Flame            Conj/Fire      #.......     85%         3    ####...
 Dazzling Flash           Conj/Hex       #.....       85%         3    ####...
 Frozen Ramparts          Ice            #.....       85%         3    ####...
 Gell's Gravitas          Tloc           #.........   85%         3    ####...
 Ignite Poison            Fire/Tmut/Pois #.......     85%         3    ####...
 Inner Flame              Hex/Fire       #.......     85%         3    ####...
 Lesser Beckoning         Tloc           #.........   85%         3    ####...
 Mephitic Cloud           Conj/Pois/Air  #.......     85%         3    ####...
 Ozocubu's Armour         Chrm/Ice       #.......     85%         3    ####...
 Recall                   Summ/Tloc      N/A          85%         3    ####...
 Spectral Weapon          Hex/Chrm       #.......     85%         3    ####...
 Spider Form              Tmut/Pois      #.........   85%         3    ####...
 Static Discharge         Conj/Air       #.......     85%         3    ####...
 Stone Arrow              Conj/Erth      #.....       85%         3    ####...
 Teleport Other           Tloc           #.......     85%         3    ####...
 Tukima's Dance           Hex            #.......     85%         3    ####...
 Dispel Undead            Necr           #.......     99%         4    #####..
 Fulminant Prism          Conj/Hex       #.........   99%         4    #####..
 Hailstorm                Conj/Ice       #.......     99%         4    #####..
 Ice Form                 Ice/Tmut       #.......     99%         4    #####..
 Iskenderun's Mystic Bla  Conj/Tloc      #.......     99%         4    #####..
 Olgreb's Toxic Radiance  Pois           #.......     99%         4    #####..
 Passage of Golubria      Tloc           N/A          99%         4    #####..
 Petrify                  Tmut/Erth      #.......     99%         4    #####..
 Summon Ice Beast         Ice/Summ       #.......     99%         4    #####..
 Alistair's Intoxication  Tmut/Pois      #.......     100%        5    ######.
 Aura of Abjuration       Summ           #.........   100%        5    ######.
 Blade Hands              Tmut           #.........   100%        5    ######.
 Bolt of Magma            Conj/Fire/Erth #.........   100%        5    ######.
 Borgnjor's Vile Clutch   Necr/Erth      #.........   100%        5    ######.
 Excruciating Wounds      Chrm/Necr      #.........   100%        5    ######.
 Irradiate                Conj/Tmut      #.........   100%        5    ######.
 Iskenderun's Battlesphe  Conj/Chrm      #.......     100%        5    ######.
 Lee's Rapid Deconstruct  Erth           #.........   100%        5    ######.
 Metabolic Englaciation   Hex/Ice        #.........   100%        5    ######.
 Silence                  Hex/Air        #.........   100%        5    ######.
 Summon Demon             Summ           #.........   100%        5    ######.
 Summon Forest            Summ/Tloc      #.........   100%        5    ######.
 Summon Mana Viper        Hex/Summ       #.......     100%        5    ######.
 Darkness                 Hex            #.........   100%        6    #######
 Death Channel            Necr           #.........   100%        6    #######
 Freezing Cloud           Conj/Ice/Air   #.........   100%        6    #######
 Hydra Form               Tmut           #.........   100%        6    #######
 Invisibility             Hex            #.......     100%        6    #######
 Iron Shot                Conj/Erth      #.........   100%        6    #######
 Ozocubu's Refrigeration  Ice            #.........   100%        6    #######
 Shadow Creatures         Summ           N/A          100%        6    #######
 Simulacrum               Ice/Necr       #.........   100%        6    #######
 Statue Form              Tmut/Erth      #........    100%        6    #######
 Dragon Form              Tmut           #.........   100%        7    #######
 Malign Gateway           Summ/Tloc      #.........   100%        7    #######
 Monstrous Menagerie      Summ           #.........   100%        7    #######
 Orb of Destruction       Conj           #.........   100%        7    #######
 Ring of Flames           Chrm/Fire      #.........   100%        7    #######
 Spellforged Servitor     Conj/Summ      #.........   100%        7    #######
 Summon Greater Demon     Summ           #.........   100%        7    #######
 Summon Hydra             Summ           #.........   100%        7    #######
 Borgnjor's Revivificati  Necr           #.........   100%        8    #######
 Controlled Blink         Tloc           N/A          100%        8    #######
 Summon Horrible Things   Summ           #.........   100%        8    #######
 Dragon's Call            Summ           #.........   100%        9    #######


Dungeon Overview and Level Annotations

Branches:
Dungeon (15/15)            Temple (1/1) D:5            Lair (6/6) D:9
 Shoals (4/4) Lair:2       Spider (4/4) Lair:3        Slime (5/5) Lair:6
    Orc (2/2) D:12            Elf (3/3) Orc:2        Vaults (5/5) D:13
  Crypt (3/3) Vaults:3       Tomb (3/3) Crypt:3      Depths (0/5) D:15
 Bailey (visited)           IceCv (visited)         Desolation (visited)

Altars:
Ashenzari
Cheibriados
Dithmenos
Elyvilon
Fedhas
Gozag
Hepliaklqana
Kikubaaqudgha
Nemelex Xobeh
Okawaru
Qazlal
Ru
Sif Muna
Trog
Vehumet
Wu Jian
Xom
Yredelemnul
Zin
The Shining One
Jiyva

Shops:
D:8 [   Orc:2 [?(?*   Elf:2 [   Elf:3 %   Shoals:3 ?   Vaults:2 =

Annotations:
D:6 3 runed translucent doors, Syrinius's ghost, novice HOHu
D:8 2 transporters
D:15 1 runed translucent door, AyAyRon's ghost, adept DsFi
Elf:2 parked sorc


Innate Abilities, Weirdness & Mutations

((You reflexively headbutt those who attack you in melee.))
((You have a pair of horns on your head.))


Message History

You destroy the death scarab!
The death scarab's corpse disappears in a puff of smoke!
The golden flame engulfs the emperor scorpion!
The emperor scorpion is lightly wounded.
The golden flame engulfs the emperor scorpion!!!
The emperor scorpion is heavily wounded.
The golden flame engulfs the emperor scorpion!
The emperor scorpion is lightly wounded.
You feel somewhat more hungry.
Your transformation is almost over.
The bennu pecks you! The Shining One protects you from harm!
The bennu completely misses you. The bennu claws you but does no damage.
The greater mummy casts a spell at you. Something smites you!
The Shining One protects you from harm! The emperor scorpion barely misses you.
The emperor scorpion claws you but does no damage. x2
The bennu pecks you.
You die...

****** ######## ******* **,,,,**
#.ss♣§§# **,,,,,**
**,,,,,,**#)sMsb§#**,,,,,,,**
**,,,,,,,,*#(sss.s#*,^,,,,,,,**
**,,,,,,,,,*#[(.MM(#*,,,,,,,,,,**
*,,,,,,,^,,,#(.((.(#,,^,,,,,,,,,*
,,,,,,,,,,,,#(((.((#,,,,,,,,,,,,,
,,,,,,,,,,^.(()((.('.,,,,,,,,,,,,
,,,,,,,,^,..#.(((.(#(,,,,,,,,,,,,
,,,,,,,,,,^.#......#..^,,,,,,,,,,


You could see 2 greater mummies, 6 emperor scorpions, a bennu, a guardian mummy
and 2 death scarabs.

Vanquished Creatures
  the Royal Jelly (Slime:5)
  An ancient lich (Crypt:3)
  Mara (Vaults:3)
  23 greater mummies
  Frederick (Tomb:2)
  The ghost of royokou the Executioner, a veteran MiFi of Makhleb (Vaults:1)
  Bai Suzhen (Shoals:3)
  3 golden dragons
  8 bone dragons
  The ghost of Sickboy the Peltast, an adept MiFi of the Shining One (Elf:3)
  A shard shrike zombie (Crypt:2)
  4 tentacled monstrosities
  Jorgrun (D:12)
  Asterion (Elf:2)
  11 deep elf blademasters
  18 titans
  5 liches
  3 quicksilver dragons (Vaults:5)
  9 deep elf master archers
  2 krakens
  3 Executioners
  9 sphinxes
  26 tentacled starspawn
  19 acid blobs
  Gastronok (D:11)
  8 ancient champions
  Polyphemus (Shoals:4)
  3 storm dragons
  3 shadow dragons
  5 tengu reavers
  16 azure jellies
  Roxanne (Elf:1)
  An azure jelly (shapeshifter) (Vaults:2)
  17 fire giants
  14 frost giants
  Louise (D:15)
  A daeva (Abyss:3)
  The ghost of Cumifues the Severer, a journeyman MiMo of Qazlal (Spider:3)
  4 deep elf sorcerers
  The ghost of Biwkut the Fighter, a journeyman OgFE of Vehumet (Lair:4)
  An orc warlord (Vaults:4)
  5 ghost moths
  An iron dragon (Elf:1)
  2 imperial myrmidons (Desolation)
  The ghost of puimuR the Severer, a journeyman DsBe of Trog (Spider:4)
  10 vault wardens
  An angel (Abyss:3)
  A reaper (Crypt:2)
  5 ghouls
  5 deep elf elementalists
  4 cacodemons
  2 balrugs
  38 very ugly things
  5 emperor scorpions
  17 ironheart preservers
  6 entropy weavers
  19 stone giants
  9 deep elf demonologists
  5 war gargoyles
  17 bennus
  4 vampire knights
  2 green draconians (Abyss:3)
  85 starcursed masses
  A lorocyproca (Abyss:3)
  9 deep elf annihilators
  3 spark wasps
  A white draconian (Abyss:3)
  A red draconian (Abyss:4)
  4 halazid warlocks (Desolation)
  2 blizzard demons (Abyss:3)
  Snorg (D:14)
  14 deep elf death magi
  6 merfolk javelineers (Shoals:4)
  A green death (Abyss:3)
  5 crystal guardians
  5 eidola
  23 mummy priests
  7 jiangshi
  3 ettins
  5 death oozes
  13 yaktaur captains
  Josephine (D:11)
  7 merfolk impalers (Shoals:4)
  A fire dragon (Elf:1)
  12 ragged hierophants (Desolation)
  15 ogre magi
  3 deep elf high priests
  2 quicksilver dragon skeletons (Crypt:3)
  2 naga warriors (Abyss:3)
  10 great orbs of eyes
  3 rakshasas
  7 servants of whispers (Desolation)
  A catoblepas (Shoals:4)
  5 merfolk avatars
  7 peacekeepers
  30 vault guards
  7 hydras
  9 centaur warriors
  An ice dragon (shapeshifter) (Vaults:3)
  3 death knights
  5 ice dragons
  A spectral stone giant (Vaults:1)
  47 two-headed ogres
  An anaconda (Shoals:1)
  8 merfolk aquamancers
  A queen ant (Lair:2)
  33 dancing weapons
  3 satyrs
  2 alligator snapping turtles
  A deep troll shaman (Vaults:3)
  A deep troll earth mage (Vaults:3)
  2 tengu warriors (D:15)
  A titan zombie (Crypt:3)
  A two-headed ogre (shapeshifter) (Abyss:4)
  76 death scarabs
  3 death yaks (Shoals:4)
  8 vampire magi
  3 orc high priests
  48 small abominations
  73 large abominations
  4 sun demons
  25 thrashing horrors
  Nergalle (Lair:3)
  7 hell knights
  Sonja (D:10)
  A soul eater (Abyss:3)
  29 deep elf knights
  A fire crab (shapeshifter) (Abyss:3)
  5 shadow wraiths
  2 sixfirhies
  26 wretched stars
  29 skeletal warriors
  A titan skeleton (Crypt:1)
  A golden dragon zombie (Crypt:2)
  3 flayed ghosts
  14 spatial maelstroms
  3 deep trolls (Vaults:3)
  An anaconda zombie (Crypt:3)
  A wizard (Vaults:3)
  4 death drakes (Abyss:3)
  A quicksilver dragon simulacrum (Crypt:1)
  A sea snake (shapeshifter) (Vaults:5)
  6 glowing orange brains
  An entropy weaver zombie (Crypt:2)
  5 unseen horrors
  17 sea snakes
  18 deep elf archers
  14 harpies
  12 phantasmal warriors
  A kraken simulacrum (Shoals:4)
  A spectral wolf spider (Spider:4)
  14 ironbrand convokers
  17 orc knights
  2 mana vipers (Abyss:3)
  79 deep elf magi
  13 necromancers
  24 wolf spiders
  An iron dragon zombie (Abyss:3)
  4 orc sorcerers
  11 shining eyes
  8 manticores
  8 worldbinders (Abyss:3)
  A frost giant zombie (Crypt:3)
  36 ugly things
  17 fauns
  A salamander (Abyss:3)
  12 cyclopes
  14 orb spiders
  A shining eye (shapeshifter) (Vaults:5)
  A moth of wrath (shapeshifter) (Vaults:3)
  A salamander (shapeshifter) (D:14)
  3 ice statues (IceCv)
  A shadow dragon skeleton (Abyss:3)
  3 moths of wrath
  3 fire giant skeletons
  2 frost giant skeletons
  A shock serpent zombie (Tomb:2)
  12 elephants (Lair:5)
  3 stone giant skeletons
  6 guardian serpents
  A torpor snail (Spider:3)
  3 molten gargoyles (Desolation)
  3 eyes of devastation
  10 merfolk sirens
  7 apocalypse crabs
  7 black mambas
  12 vault sentinels
  2 dire elephant zombies
  5 centaur zombies
  2 rust devils
  10 water nymphs
  22 smoke demons
  7 orange demons
  A gargoyle (D:13)
  A spiny frog (shapeshifter) (Vaults:3)
  8 komodo dragons
  13 spiny frogs
  Maggie (D:6)
  2 spectral redbacks (Spider:4)
  8 rime drakes
  3 komodo dragons (shapeshifter)
  13 freezing wraiths
  2 kobold demonologists (Elf:3)
  15 demonic crawlers
  2 dire elephant skeletons
  10 ice devils
  8 efreet
  16 ancient zymes
  A tormentor (Abyss:3)
  42 yaktaurs
  43 guardian mummies
  A hydra zombie (Crypt:3)
  3 red devils (Abyss:4)
  A spectral deep troll (Vaults:1)
  9 hellwings
  A yellow draconian skeleton (Crypt:2)
  A queen bee (Spider:2)
  A silent spectre (Abyss:3)
  A tengu conjurer (D:11)
  A white draconian skeleton (Crypt:2)
  A harpy zombie (Crypt:3)
  27 jumping spiders
  22 merfolk
  4 wind drakes
  3 wolf spider simulacra (Spider:4)
  A polar bear (shapeshifter) (Abyss:4)
  Grinder (D:4)
  6 polar bears
  87 raiju
  A spectral jumping spider (Spider:4)
  A spectral tarantella (Spider:4)
  10 trolls
  53 saltlings
  An ettin zombie (Crypt:2)
  17 hornets
  A hornet (shapeshifter) (Abyss:3)
  7 snapping turtles
  A meliai zombie (D:15)
  116 slime creatures
  8 blink frogs
  A harpy skeleton (Abyss:3)
  3 spectral humans (Vaults:1)
  2 fire dragon zombies
  4 dream sheep
  A tarantella zombie (Crypt:1)
  17 hippogriffs
  2 stone giant simulacra (Vaults:1)
  46 flying skulls
  2 fire giant simulacra (Vaults:1)
  A death drake skeleton (Crypt:1)
  8 shadows
  18 spriggans
  3 ettin skeletons
  87 redbacks
  20 tarantellas
  7 air elementals
  2 dire elephant simulacra (Crypt:1)
  13 water elementals
  32 yaks
  A spriggan (shapeshifter) (Vaults:1)
  A tarantella (shapeshifter) (Vaults:2)
  12 wyverns
  16 wraiths
  10 ushabtiu
  10 ynoxinuls
  4 fire bats (Abyss:3)
  12 neqoxecs
  4 fire elementals
  11 golden eyes
  8 basilisks
  10 humans (D:13)
  14 chaos spawn
  2 redback simulacra (Spider:4)
  2 golden eyes (shapeshifter)
  2 vampire mosquitoes (D:15)
  2 human simulacra (Vaults:1)
  3 hungry ghosts
  A steam dragon (D:7)
  Grum (D:11)
  4 insubstantial wisps
  A yaktaur simulacrum (Vaults:3)
  3 nagas (Abyss:3)
  A merfolk zombie (Crypt:1)
  23 spatial vortices
  4 wargs
  A spectral orb spider (Spider:4)
  6 soldier ants
  3 acid dragons
  11 hell hounds
  A merfolk skeleton (Abyss:3)
  11 water moccasins
  A deep troll skeleton (Crypt:1)
  A floating eye (shapeshifter) (Vaults:5)
  A spiny frog skeleton (Crypt:3)
  62 orc warriors
  9 porcupines
  A snapping turtle zombie (Tomb:3)
  8 sky beasts
  12 eyes of draining
  6 phantoms
  6 ice beasts
  A fire dragon simulacrum (Abyss:3)
  A tengu (shapeshifter) (Vaults:3)
  2 ettin simulacra
  40 ogres
  6 necrophages
  5 black bears
  21 wolves
  A centaur (shapeshifter) (D:13)
  15 crocodiles
  10 boggarts
  A snapping turtle skeleton (Tomb:1)
  20 centaurs
  2 big kobolds
  An elf simulacrum (Vaults:1)
  21 bullfrogs
  A bullfrog (shapeshifter) (Vaults:2)
  A rime drake skeleton (Crypt:1)
  3 earth elementals
  A wyvern zombie (D:14)
  A glowing shapeshifter simulacrum (Vaults:1)
  A wyvern skeleton (D:9)
  2 scorpions
  10 killer bees (Spider:2)
  A yak zombie (Crypt:1)
  A spriggan zombie (Crypt:2)
  9 wights
  A howler monkey (shapeshifter) (Vaults:3)
  2 howler monkeys
  2 electric eels
  14 crimson imps
  5 quasits
  A draconian simulacrum (IceCv)
  A bullfrog zombie (D:7)
  A gnoll shaman (D:4)
  4 iron imps (Abyss:3)
  5 jellies
  2 bullfrog skeletons
  A human zombie (Crypt:2)
  21 orc priests
  8 hounds
  4 centaur skeletons
  3 iguanas
  29 orc wizards
  A spriggan simulacrum (IceCv)
  3 troll simulacra
  36 worker ants
  3 centaur simulacra (IceCv)
  2 tengu skeletons
  A dwarf skeleton (Crypt:1)
  A hound zombie (D:7)
  5 hound skeletons
  A howler monkey zombie (D:6)
  54 mummies
  9 gnolls
  2 howler monkey skeletons
  A worker ant zombie (D:10)
  A naga simulacrum (IceCv)
  10 adders
  2 ogre simulacra (IceCv)
  5 shadow imps
  3 white imps (Abyss:3)
  6 ufetubi (Abyss:3)
  2 oozes
  6 worms
  2 dart slugs (D:1)
  7 leopard geckos
  105 orcs
  2 ball pythons
  7 bats
  6 giant cockroaches
  6 goblins
  5 hobgoblins
  11 jackals
  2 quokkas
  A river rat zombie (Crypt:2)
  6 frilled lizards
  17 kobolds
  A leopard gecko skeleton (Crypt:2)
  2 quokka skeletons
  12 rats
  A rat skeleton (Crypt:2)
  2 crawling corpses (Elf:3)
  6 fungi
  A lurking horror (Abyss:3)
  3 plants
  31 starspawn tentacles
  8 tentacles
3477 creatures vanquished.

Vanquished Creatures (others)
  An eidolon (Abyss:3)
  A rakshasa (Abyss:3)
  A dancing weapon (Elf:2)
  3 thrashing horrors (Abyss:3)
  A deep elf knight (Abyss:3)
  A sixfirhy (Abyss:3)
  A wretched star (Abyss:3)
  3 deep elf magi
  A worldbinder (Abyss:3)
  A fire giant skeleton (Crypt:1)
  A freezing wraith (Abyss:3)
  2 raiju (Abyss:3)
  4 large abominations (Abyss:3)
  A ynoxinul (Abyss:3)
  5 chaos spawn (Abyss:3)
  A human (D:13)
  4 spatial vortices (Abyss:3)
  A harpy simulacrum (Abyss:3)
  A hell hound (Abyss:3)
  An orc warrior (Bailey)
  4 small abominations (Abyss:3)
  A starcursed mass (Abyss:4)
  A quasit (Abyss:3)
  An orc wizard (Elf:1)
  2 ufetubi (Abyss:3)
  5 orcs (Elf:1)
  2 fungi
  8 plants
  32 starspawn tentacles
  16 tentacles
  2 withered plants (D:15)
109 creatures vanquished.

Grand Total: 3586 creatures vanquished

Notes
Turn   | Place    | Note
-------+----------+-------------------------------------------
     0 | D:1      | LSt the Minotaur Fighter began the quest for the Orb.
     0 | D:1      | Reached XP level 1. HP: 19/19 MP: 0/0
   197 | D:1      | Reached XP level 2. HP: 21/27 MP: 1/1
   925 | D:1      | Reached XP level 3. HP: 33/33 MP: 2/2
  1481 | D:2      | Reached XP level 4. HP: 26/41 MP: 3/3
  1940 | D:2      | Reached skill level 5 in Axes
  2579 | D:3      | Noticed a moth of wrath
  2582 | D:3      | Found a bloodstained altar of Trog.
  2682 | D:3      | Found a shattered altar of Ashenzari.
  2955 | D:3      | Reached XP level 5. HP: 37/47 MP: 4/4
  3066 | D:3      | Reached skill level 5 in Fighting
  3418 | D:4      | Noticed Grinder
  3450 | D:5      | Entered Level 5 of the Dungeon
  3450 | D:5      | Noticed a phantom
  3450 | D:5      | Noticed an ice beast
  3464 | D:5      | Killed an ice beast
  3464 | D:5      | Reached XP level 6. HP: 28/56 MP: 5/5
  3636 | D:5      | Found a staircase to the Ecumenical Temple.
  3644 | Temple   | Entered the Ecumenical Temple
  3649 | Temple   | Became a worshipper of Warmaster Okawaru
  3998 | D:5      | Reached XP level 7. HP: 63/63 MP: 6/6
  4130 | D:5      | Reached * piety under Okawaru
  4927 | D:4      | Reached ** piety under Okawaru
  4927 | D:4      | Reached XP level 8. HP: 68/73 MP: 7/7
  5110 | D:4      | Paralysed by Grinder for 4 turns
  5123 | D:4      | Killed Grinder
  5123 | D:4      | Reached skill level 10 in Axes
  5723 | D:6      | Reached skill level 1 in Invocations
  5774 | D:6      | Found a runed translucent gate.
  5775 | D:6      | Found a runed translucent gate.
  5775 | D:6      | Found a runed translucent gate.
  5777 | D:6      | Noticed Syrinius's ghost (novice HOHu)
  6048 | D:6      | Reached *** piety under Okawaru
  6143 | D:6      | Noticed Maggie
  6156 | D:6      | Killed Maggie
  6156 | D:6      | Reached XP level 9. HP: 79/83 MP: 9/9
  6638 | D:7      | Received a gift from Okawaru
  7175 | D:7      | Reached **** piety under Okawaru
  7175 | D:7      | Reached skill level 10 in Fighting
  7566 | D:8      | Found a transporter.
  7661 | D:8      | Found a transporter.
  7748 | D:8      | Found Otimoce's Antique Armour Shoppe.
  8125 | D:9      | Noticed a troll
  8139 | D:9      | Killed a troll
  8139 | D:9      | Reached XP level 10. HP: 76/94 MP: 7/10
  8645 | D:9      | Noticed a two-headed ogre
  8659 | D:9      | Killed a two-headed ogre
  8659 | D:9      | Reached ***** piety under Okawaru
  8844 | D:9      | Found a staircase to the Lair.
  8933 | D:9      | Noticed a two-headed ogre
  8944 | D:9      | Killed a two-headed ogre
  9263 | D:9      | Reached skill level 5 in Invocations
  9573 | Lair:1   | Entered Level 1 of the Lair of Beasts
  9588 | Lair:1   | Noticed a seven-headed hydra
  9588 | Lair:1   | Noticed a spiny frog
  9606 | Lair:1   | Killed a spiny frog
  9606 | Lair:1   | Received a gift from Okawaru
  9614 | Lair:1   | Killed a one-headed hydra
  9814 | Lair:1   | Reached XP level 11. HP: 75/102 MP: 15/15
 10409 | Lair:1   | Reached skill level 1 in Dodging
 10448 | Lair:1   | Noticed a four-headed hydra
 10461 | Lair:1   | Killed a one-headed hydra
 11104 | Lair:2   | Found a staircase to the Shoals.
 11169 | Lair:2   | Reached skill level 15 in Axes
 12261 | Lair:2   | Noticed a queen ant
 12276 | Lair:2   | Killed a queen ant
 12289 | Lair:2   | Received a gift from Okawaru
 12480 | Lair:2   | Reached XP level 12. HP: 115/115 MP: 16/16
 12523 | Lair:2   | Noticed a seven-headed hydra
 12534 | Lair:2   | Killed a one-headed hydra
 12534 | Lair:2   | Reached skill level 5 in Armour
 13047 | Lair:3   | Noticed Nergalle
 13070 | Lair:3   | Killed Nergalle
 13532 | Lair:3   | Found a hole to the Spider Nest.
 14609 | Lair:4   | Found a transporter.
 14609 | Lair:4   | Found a transporter.
 14686 | Lair:4   | Identified the +7 trident of Wrongful Imprisonment {elec,
                  | rF++ MR+++ Int+3}
 14689 | Lair:4   | Noticed Biwkut's ghost (journeyman OgFE)
 14690 | Lair:4   | Found a bloodstained altar of Trog.
 14695 | Lair:4   | Identified the +8 spear of Brutal Revenge {holy, +Blink rC+
                  | MR+ SInv}
 15017 | Lair:5   | Upgraded the game from 0.25.0-1-g7eea58d2a3 to
                  | 0.25.0-3-gd7cc5688da
 15143 | Lair:4   | Reached skill level 5 in Dodging
 15178 | Lair:5   | Noticed a six-headed hydra
 15199 | Lair:5   | Killed a one-headed hydra
 15447 | Lair:5   | Found a frozen archway.
 15576 | IceCv    | Entered an ice cave
 15603 | IceCv    | Received a gift from Okawaru
 16533 | IceCv    | Reached XP level 13. HP: 115/125 MP: 17/17
 17645 | Lair:5   | Reached ****** piety under Okawaru
 17730 | Lair:5   | Reached skill level 15 in Fighting
 17792 | Lair:5   | Received a gift from Okawaru
 18446 | Lair:6   | Entered Level 6 of the Lair of Beasts
 18541 | Lair:5   | Received a gift from Okawaru
 18915 | Lair:6   | Reached skill level 10 in Armour
 19702 | Lair:6   | Found a runed translucent door.
 19703 | Lair:6   | Found a viscous altar of Jiyva.
 19704 | Lair:6   | Found a staircase to the Slime Pits.
 19838 | Lair:6   | Paralysed by a hornet for 2 turns
 20661 | Lair:6   | Reached XP level 14. HP: 136/136 MP: 18/18
 21772 | D:10     | Entered Level 10 of the Dungeon
 22298 | D:10     | Noticed Sonja
 22310 | D:10     | Killed Sonja
 22408 | D:10     | Received a gift from Okawaru
 22473 | D:10     | Got a pair of jewelled gloves {god gift}
 22621 | D:11     | Noticed Gastronok
 22636 | D:11     | Killed Gastronok
 22859 | D:11     | Noticed Josephine
 22880 | D:11     | Killed Josephine
 23237 | D:11     | Noticed Grum
 23250 | D:11     | Killed Grum
 23762 | D:12     | Found the amulet of the Four Winds {rN+ MR+++ Clar}
 23812 | D:12     | Noticed Jorgrun
 23836 | D:12     | Killed Jorgrun
 24297 | D:12     | Found a staircase to the Orcish Mines.
 24847 | Orc:1    | Entered Level 1 of the Orcish Mines
 25382 | D:12     | Received a gift from Okawaru
 26014 | Orc:2    | Entered Level 2 of the Orcish Mines
 26275 | Orc:2    | Reached XP level 15. HP: 142/147 MP: 19/19
 26812 | Orc:2    | Found Daweh's General Store.
 27180 | Orc:2    | Found a staircase to the Elven Halls.
 27223 | Orc:2    | Found Ocletyfe's Weapon Emporium.
 27223 | Orc:2    | Found Ubbinax's Magic Scroll Boutique.
 27225 | Orc:2    | Found Ratoczif's Armour Shop.
 27227 | Orc:2    | Found Rerecwen's Magic Scroll Shoppe.
 27430 | Orc:2    | Bought the +2 pair of gloves "Efexapt" {rElec Str+4} for
                  | 553 gold pieces
 28036 | D:13     | Found a flagged portal.
 28195 | Bailey   | Entered a bailey
 28218 | Bailey   | Reached skill level 1 in Crossbows
 29207 | D:13     | Found a runed translucent door.
 29430 | D:13     | Received a gift from Okawaru
 29508 | D:13     | Found a gate to the Vaults.
 29981 | D:14     | Reached skill level 5 in Crossbows
 30008 | D:14     | Received a gift from Okawaru
 30011 | D:14     | Noticed Snorg
 30078 | D:14     | Killed Snorg
 30536 | D:15     | Entered Level 15 of the Dungeon
 30542 | D:15     | Noticed Louise
 30549 | D:14     | Received a gift from Okawaru
 30675 | D:15     | Killed Louise
 30800 | D:15     | Received a gift from Okawaru
 30998 | D:15     | Found a sacrificial altar of Ru.
 31022 | D:15     | Found a runed translucent door.
 31022 | D:15     | Noticed AyAyRon's ghost (adept DsFi)
 31456 | D:15     | Found a staircase to the Depths.
 31456 | D:15     | Noticed a frost giant
 31466 | D:15     | Killed a frost giant
 32023 | Spider:1 | Entered Level 1 of the Spider Nest
 32581 | Spider:1 | Received a gift from Okawaru
 32765 | Lair:3   | HP: 7/149 [poisoned by a redback]
 32766 | Lair:3   | Killed a ghost moth
 32766 | Lair:3   | Reached XP level 16. HP: 5/157 MP: 0/20
 32769 | Lair:3   | HP: 2/157 [poisoned by a redback]
 32773 | Lair:3   | Upgraded the game from 0.25.0-3-gd7cc5688da to
                  | 0.25.0-8-gfd19cd77bd
 33573 | D:11     | Identified the +2 pair of gloves of Henotheism {Str+4}
                  | (Okawaru gifted it to you on level 10 of the Dungeon)
 33652 | Orc:2    | Bought a scroll of blinking for 127 gold pieces
 33652 | Orc:2    | Bought a scroll of fog for 34 gold pieces
 33652 | Orc:2    | Bought a scroll of fear for 59 gold pieces
 35618 | Spider:2 | Received a gift from Okawaru
 36654 | Spider:2 | Received a gift from Okawaru
 37334 | Spider:3 | Received a gift from Okawaru
 37974 | Spider:3 | Found a runed translucent door.
 37975 | Spider:3 | Noticed Cumifues's ghost (journeyman MiMo)
 38318 | Shoals:1 | Entered Level 1 of the Shoals
 38499 | Shoals:1 | Received a gift from Okawaru
 38499 | Shoals:1 | Reached skill level 1 in Evocations
 39296 | Shoals:2 | Received a gift from Okawaru
 39296 | Shoals:2 | Reached XP level 17. HP: 131/165 MP: 21/21
 39805 | Shoals:2 | Noticed a kraken
 39837 | Shoals:2 | Killed a kraken
 40254 | Shoals:3 | Received a gift from Okawaru
 40697 | Shoals:3 | Found Kusenk's Magic Scroll Emporium.
 40716 | Shoals:3 | Noticed Bai Suzhen
 40726 | Shoals:3 | Killed Bai Suzhen
 42253 | Spider:4 | Entered Level 4 of the Spider Nest
 42405 | Spider:4 | Found a runed translucent gate.
 42446 | Spider:4 | Found a runed translucent gate.
 42446 | Spider:4 | Found a runed translucent gate.
 42454 | Spider:4 | Noticed puimuR's ghost (journeyman DsBe)
 42760 | Spider:4 | Received a gift from Okawaru
 43793 | Spider:4 | Got a gossamer rune of Zot
 44329 | Spider:3 | Killed Cumifues's ghost
 44329 | Spider:3 | Received a gift from Okawaru
 44723 | Vaults:1 | Entered Level 1 of the Vaults
 44726 | Vaults:1 | Received a gift from Okawaru
 44768 | Vaults:1 | Reached XP level 18. HP: 85/172 MP: 19/22
 44792 | Vaults:1 | Found a flickering gateway to a bazaar.
 44861 | Vaults:1 | Received a gift from Okawaru
 45009 | Bazaar   | Entered a bazaar
 45013 | Bazaar   | Found Soira's Jewellery Boutique.
 45031 | Bazaar   | Found Dutox's Antique Armour Emporium.
 45048 | Bazaar   | Found Luxzivinyod's Book Boutique.
 45065 | Bazaar   | Found Xatwaarr's Antique Armour Shoppe.
 45087 | Bazaar   | Bought the ring "Dirgha" {rC++ MR+ AC+4} for 594 gold
                  | pieces
 45411 | Vaults:1 | Found a runed translucent gate.
 45412 | Vaults:1 | Found a runed translucent gate.
 45413 | Vaults:1 | Found a runed translucent gate.
 45419 | Vaults:1 | Noticed royokou's ghost (veteran MiFi)
 46044 | Vaults:1 | Reached skill level 10 in Crossbows
 46064 | Vaults:1 | Received a gift from Okawaru
 46084 | Vaults:1 | Identified the +4 battleaxe "Ifoz Xeppam" {vamp, MR++}
                  | (Okawaru gifted it to you on level 1 of the Vaults)
 47253 | Vaults:2 | Received a gift from Okawaru
 47254 | Vaults:2 | Identified the +7 chain mail "Ditwaj" {-Tele Harm +Inv
                  | Dex+5} (Okawaru gifted it to you on level 2 of the Vaults)
 47336 | Vaults:2 | Found Qoskiph's Jewellery Boutique.
 48412 | Vaults:3 | Noticed Mara
 48428 | Vaults:3 | Noticed LSt's illusion
 48434 | Vaults:3 | Killed Mara
 48434 | Vaults:3 | Reached XP level 19. HP: 154/184 MP: 18/23
 48721 | Vaults:3 | Identified the ring of the Slug {rF+ rC++ AC+4 SInv}
 48800 | Vaults:3 | Received a gift from Okawaru
 49360 | Vaults:3 | Received a gift from Okawaru
 49811 | Vaults:3 | Found a staircase to the Crypt.
 50761 | Vaults:3 | Received a gift from Okawaru
 50907 | Vaults:3 | Reached XP level 20. HP: 188/198 MP: 24/24
 51000 | Vaults:3 | Reached skill level 15 in Crossbows
 51568 | Vaults:4 | Received a gift from Okawaru
 51674 | Vaults:4 | Received a gift from Okawaru
 52832 | Vaults:4 | Received a gift from Okawaru
 53657 | Vaults:1 | Killed royokou's ghost
 53661 | Vaults:1 | Got a crude bone ring
 53662 | Vaults:1 | Identified the ring of Repn {rPois MR+ Int-4 Dex+3} (You
                  | found it on level 1 of the Vaults)
 54094 | Shoals:4 | Entered Level 4 of the Shoals
 54725 | Shoals:4 | Received a gift from Okawaru
 54730 | Shoals:4 | Identified the +2 pair of boots of Summer {Stlth+} (Okawaru
                  | gifted it to you on level 4 of the Shoals)
 55044 | Shoals:4 | Noticed Polyphemus
 55064 | Shoals:4 | Killed Polyphemus
 55068 | Shoals:4 | Reached XP level 21. HP: 137/211 MP: 20/25
 55653 | Shoals:4 | Got a barnacled rune of Zot
 56256 | Shoals:4 | Identified the +7 demon trident of the Foremost Mystics
                  | {freeze, *Slow rC++ Str+4} (You found it on level 4 of the
                  | Shoals)
 56487 | Elf:1    | Entered Level 1 of the Elven Halls
 56738 | Elf:1    | Found a flickering gateway to a bazaar.
 56927 | Bazaar   | Entered a bazaar
 56928 | Bazaar   | Found Qyopp's Antique Armour Emporium.
 56928 | Bazaar   | Found Akaq Neb's Book Emporium.
 56929 | Bazaar   | Found Herphy's Jewellery Shop.
 56960 | Bazaar   | Found Ynatu's Distillery.
 56968 | Bazaar   | Bought a potion of might for 52 gold pieces
 56968 | Bazaar   | Bought a potion of might for 52 gold pieces
 56968 | Bazaar   | Bought a potion of mutation for 104 gold pieces
 56968 | Bazaar   | Bought a potion of heal wounds for 65 gold pieces
 56968 | Bazaar   | Bought a potion of lignification for 39 gold pieces
 56968 | Bazaar   | Bought a potion of haste for 130 gold pieces
 56979 | Bazaar   | Bought a pair of runed boots for 210 gold pieces
 56989 | Bazaar   | Identified a +0 pair of boots of running (You bought it in
                  | a shop in a bazaar)
 56999 | Bazaar   | Bought a pair of runed boots for 210 gold pieces
 57241 | Elf:1    | Noticed Roxanne
 57712 | Elf:1    | Found a runed translucent gate.
 57712 | Elf:1    | Found a runed translucent gate.
 57712 | Elf:1    | Found a runed translucent gate.
 57712 | Elf:1    | Found a runed translucent gate.
 57712 | Elf:1    | Found a runed translucent gate.
 57714 | Elf:1    | Found a runed translucent gate.
 58200 | Elf:2    | Found Iwajamol's Antique Armour Boutique.
 58207 | Elf:2    | Received a gift from Okawaru
 58279 | Elf:2    | Found a ruined gateway.
 58328 | Desolati | Entered the Desolation of Salt
 58418 | Desolati | Reached skill level 10 in Dodging
 58679 | Desolati | Identified the Handbook of Cheese
 58709 | Desolati | Identified the +6 plate armour "Fisae" {rElec} (You found
                  | it in the Desolation of Salt)
 59056 | Desolati | Received a gift from Okawaru
 59310 | Desolati | Identified the +4 fustibalus "Boimai Sergh" {flame, Str+3
                  | Int+2}
 59344 | Desolati | Identified the Incunabulum of Boosts and the Frostbite
 59348 | Desolati | Identified Geocw's Compendium of Stones and Attacks
 59544 | Desolati | Got a crystal shortbow
 59646 | Elf:2    | Reached XP level 22. HP: 222/222 MP: 26/26
 59777 | Elf:2    | Found a runed translucent gate.
 59778 | Elf:2    | Found a runed translucent gate.
 59779 | Elf:2    | Found a runed translucent gate.
 59788 | Elf:2    | Reached skill level 15 in Armour
 59815 | Elf:2    | Identified the +12 war axe "Soh Unka" {flame, rElec rPois
                  | rF- Int-2} (You found it on level 2 of the Elven Halls)
 60217 | Elf:2    | Noticed Asterion
 60237 | Elf:2    | Killed Asterion
 60339 | Elf:2    | Received a gift from Okawaru
 60697 | Elf:2    | Received a gift from Okawaru
 61455 | Elf:1    | Killed Roxanne
 61730 | Crypt:1  | Entered Level 1 of the Crypt
 63948 | Crypt:3  | Entered Level 3 of the Crypt
 64184 | Crypt:3  | Received a gift from Okawaru
 64185 | Crypt:3  | Identified the +10 battleaxe of Kyfierul {freeze, rF- rC+
                  | Str+3} (Okawaru gifted it to you on level 3 of the Crypt)
 64733 | Crypt:3  | Found a staircase to the Tomb.
 64740 | Crypt:3  | Identified the Incunabulum of Black Arts
 65030 | Crypt:3  | Reached XP level 23. HP: 234/234 MP: 27/27
 65127 | Crypt:3  | Found an ancient bone altar of Kikubaaqudgha.
 65128 | Crypt:3  | Noticed an ancient lich
 65136 | Crypt:3  | Killed an ancient lich
 65205 | Crypt:3  | Got a brightly glowing wooden ring
 65206 | Crypt:3  | Identified the ring "Feku" {*Tele rC+ Str+3 Dex+2} (You
                  | found it on level 3 of the Crypt)
 65209 | Crypt:3  | Got an ancient steel amulet
 65212 | Crypt:3  | Identified the Incunabulum of Warped Contamination
 65216 | Crypt:3  | Identified the ring "Danicor" {+Inv rF+ rN+ Int+2} (You
                  | found it on level 3 of the Crypt)
 65217 | Crypt:3  | Identified the ring "Paotsais" {+Fly rN+ Int+2} (You found
                  | it on level 3 of the Crypt)
 65325 | Crypt:3  | Received a gift from Okawaru
 65693 | Vaults:5 | Entered Level 5 of the Vaults
 66639 | Vaults:5 | Received a gift from Okawaru
 66901 | Vaults:5 | Got a silver rune of Zot
 66902 | Vaults:5 | Identified Nujucizi's Volume of Displaced Toxins
 67056 | Vaults:5 | Received a gift from Okawaru
 67346 | Vaults:5 | Received a gift from Okawaru
 68209 | Vaults:5 | Reached XP level 24. HP: 247/247 MP: 27/27
 68911 | Lair:4   | Killed Biwkut's ghost
 69170 | Spider:4 | Killed puimuR's ghost
 69428 | Slime:1  | Entered Level 1 of the Pits of Slime
 69430 | Slime:1  | Gained mutation: Your magical capacity is low. (-10% MP) [a
                  | shining eye]
 69430 | Slime:1  | Gained mutation: You occasionally shout uncontrollably at
                  | your foes. [a shining eye]
 69900 | Slime:2  | Gained mutation: You sometimes yell uncontrollably at your
                  | foes. [a shining eye]
 69902 | Slime:2  | Reached skill level 27 in Fighting
 70926 | Slime:5  | Entered Level 5 of the Pits of Slime
 71034 | Slime:5  | Noticed the Royal Jelly
 71219 | Slime:4  | Received a gift from Okawaru
 71219 | Slime:4  | Reached skill level 27 in Axes
 71359 | Slime:5  | Received a gift from Okawaru
 71571 | Slime:5  | Gained mutation: You tend to lose your temper in combat. [a
                  | shining eye]
 71719 | Slime:5  | Found a viscous altar of Jiyva.
 72079 | Slime:5  | Killed the Royal Jelly
 72618 | Slime:5  | Identified the Collected Works on Freezing Stolen Souls
 72680 | Slime:5  | Got a slimy rune of Zot
 72867 | Slime:5  | Gained mutation: Your muscles are strong. (Str +2) [a
                  | shining eye]
 73248 | Orc:2    | Bought 3 scrolls of blinking for 382 gold pieces
 73490 | Shoals:3 | Bought a scroll of identify for 36 gold pieces
 73490 | Shoals:3 | Bought a scroll of blinking for 135 gold pieces
 73490 | Shoals:3 | Bought a scroll of identify for 36 gold pieces
 73490 | Shoals:3 | Bought 3 scrolls of identify for 108 gold pieces
 73777 | Elf:3    | Entered Level 3 of the Elven Halls
 73848 | Elf:3    | Found a runed translucent door.
 73848 | Elf:3    | Noticed Sickboy's ghost (adept MiFi)
 73867 | Elf:3    | Killed Sickboy's ghost
 74139 | Elf:3    | Reached skill level 5 in Throwing
 74393 | Elf:3    | Found a shimmering blue altar of Sif Muna.
 74537 | Elf:3    | Identified the Papyrus of Companions
 74598 | Elf:3    | Found Nuizil Feubi's Food Shop.
 74670 | Elf:3    | Received a gift from Okawaru
 74957 | Elf:3    | Identified the +6 scale mail of the Cuttlefish {rElec rF+}
 74969 | Elf:3    | Gained mutation: You are frail. (-10% HP) [a neqoxec]
 74971 | Elf:3    | Gained mutation: You frequently scream uncontrollably at
                  | your foes. [a neqoxec]
 74995 | Elf:3    | Identified the +7 demon trident "Xuemeir" {flame, Str+4
                  | Dex+7}
 74995 | Elf:3    | Identified the amulet of Ashenzari's Vengeance {Acrobat
                  | Stlth+}
 75009 | Elf:3    | Identified the ring "Witat" {rN+ rCorr}
 75028 | Elf:3    | Identified the +9 spear of Sloth {freeze, +Inv rC+ Str-5}
 75031 | Elf:3    | Received a gift from Okawaru
 75031 | Elf:3    | Reached XP level 25. HP: 221/231 MP: 17/25
 75096 | Elf:3    | Reached skill level 10 in Throwing
 75251 | Elf:3    | Received a gift from Okawaru
 75283 | Elf:3    | Identified the Grimoire of Torrid Ice
 75294 | Elf:3    | Identified Kukoomas's Guide on the Dark Frostbite
 75297 | Elf:3    | Identified the +4 plate armour of Haitesku {+Blink} (You
                  | found it on level 3 of the Elven Halls)
 76549 | Orc:2    | Bought a scroll of teleportation for 54 gold pieces
 76549 | Orc:2    | Bought a scroll of identify for 36 gold pieces
 76549 | Orc:2    | Bought a scroll of teleportation for 54 gold pieces
 76549 | Orc:2    | Bought a scroll of teleportation for 54 gold pieces
 76549 | Orc:2    | Bought a scroll of identify for 36 gold pieces
 76691 | Temple   | Fell from the grace of Okawaru
 76691 | Temple   | Became a worshipper of the Shining One
 77269 | Elf:2    | Cast into level 2 of the Abyss (a deep elf sorcerer)
 77271 | Abyss:2  | Found a shadowy altar of Dithmenos.
 78166 | Abyss:4  | Paralysed by accursed screaming for 1 turns
 78280 | Abyss:4  | Reached * piety under the Shining One
 78508 | Abyss:4  | Found a corrupted altar of Lugonu.
 78593 | Abyss:4  | Reached ** piety under the Shining One
 78662 | Abyss:4  | Paralysed by you for 3 turns
 78671 | Abyss:4  | Reached *** piety under the Shining One
 78856 | Elf:2    | Escaped the Abyss
 79971 | Elf:2    | Cast into level 2 of the Abyss (a deep elf sorcerer)
 80174 | Abyss:2  | Reached **** piety under the Shining One
 80211 | Abyss:3  | Found a corrupted altar of Lugonu.
 80364 | Abyss:3  | Reached ***** piety under the Shining One
 80991 | Abyss:3  | Reached skill level 10 in Invocations
 81595 | Abyss:3  | Reached ****** piety under the Shining One
 81683 | Abyss:3  | Got an abyssal rune of Zot
 81684 | Abyss:3  | Reached XP level 26. HP: 183/237 MP: 27/27
 81868 | Abyss:3  | Identified the ring of Daxteusch {rC+ EV+4 Str+2 Slay+2
                  | SInv}
 81881 | Abyss:3  | Reached skill level 15 in Throwing
 81954 | Elf:2    | Escaped the Abyss
 82185 | Temple   | Identified a +9 executioner's axe of holy wrath (a +9
                  | vorpal executioner's axe blessed by the Shining One)
 82185 | Temple   | Received a gift from the Shining One
 82188 | Temple   | Fell from the grace of the Shining One
 82188 | Temple   | Became a worshipper of Zin the Law-Giver
 82188 | Temple   | Reached * piety under Zin
 82188 | Temple   | Reached ** piety under Zin
 82188 | Temple   | Reached *** piety under Zin
 82188 | Temple   | Reached **** piety under Zin
 82188 | Temple   | Reached ***** piety under Zin
 83042 | Elf:2    | Cast into level 3 of the Abyss (a deep elf sorcerer)
 83452 | Abyss:3  | Paralysed by accursed screaming for 1 turns
 83874 | Abyss:5  | Entered Level 5 of the Abyss
 84182 | Abyss:5  | Reached ****** piety under Zin
 84185 | Elf:2    | Escaped the Abyss
 84201 | Elf:1    | Lost mutation: You frequently scream uncontrollably at your
                  | foes. [potion of mutation]
 84201 | Elf:1    | Lost mutation: Your muscles are strong. (Str +2) [potion of
                  | mutation]
 84202 | Elf:1    | Lost mutation: You are frail. (-10% HP) [potion of
                  | mutation]
 84202 | Elf:1    | Lost mutation: You tend to lose your temper in combat.
                  | [potion of mutation]
 84202 | Elf:1    | Lost mutation: You sometimes yell uncontrollably at your
                  | foes. [potion of mutation]
 84203 | Elf:1    | Lost mutation: You occasionally shout uncontrollably at
                  | your foes. [potion of mutation]
 84203 | Elf:1    | Lost mutation: Your magical capacity is low. (-10% MP)
                  | [potion of mutation]
 84482 | Elf:2    | Cast into level 3 of the Abyss (a deep elf sorcerer)
 86066 | Abyss:3  | Was forgiven by Okawaru
 86234 | Abyss:3  | Reached XP level 27. HP: 271/271 MP: 32/32
 86365 | Abyss:3  | Found an ancient bone altar of Kikubaaqudgha.
 86866 | Elf:2    | Escaped the Abyss
 87638 | Temple   | Fell from the grace of Zin
 87638 | Temple   | Became a worshipper of the Shining One
 88009 | Tomb:1   | Entered Level 1 of the Tomb of the Ancients
 88885 | Tomb:1   | Noticed a greater mummy
 88890 | Tomb:1   | Killed a greater mummy
 88890 | Tomb:1   | Reached skill level 15 in Dodging
 88890 | Tomb:1   | Noticed a greater mummy
 88930 | Tomb:1   | Killed a greater mummy
 89435 | Tomb:1   | Noticed a greater mummy
 89444 | Tomb:1   | Killed a greater mummy
 89444 | Tomb:1   | Reached skill level 15 in Invocations
 89711 | Tomb:2   | Noticed Frederick
 89718 | Tomb:2   | Killed Frederick
 89785 | Tomb:2   | Noticed a greater mummy
 89794 | Tomb:2   | Killed a greater mummy
 89806 | Tomb:2   | Noticed a greater mummy
 89811 | Tomb:2   | Killed a greater mummy
 89839 | Tomb:2   | Noticed a greater mummy
 89842 | Tomb:2   | Killed a greater mummy
 89878 | Tomb:2   | Noticed a greater mummy
 89886 | Tomb:2   | Killed a greater mummy
 89905 | Tomb:2   | Noticed a greater mummy
 89908 | Tomb:2   | Killed a greater mummy
 90243 | Tomb:2   | Identified the cursed +1 lajatang of Doom {elec, *Contam
                  | rN+ Dex+3 Stlth+}
 91397 | Tomb:1   | Noticed a greater mummy
 91406 | Tomb:1   | Killed a greater mummy
 91418 | Tomb:1   | Noticed a greater mummy
 91424 | Tomb:1   | Killed a greater mummy
 91710 | Tomb:1   | Noticed a greater mummy
 91711 | Tomb:1   | Noticed a greater mummy
 91717 | Tomb:1   | Killed a greater mummy
 91726 | Tomb:1   | Killed a greater mummy
 91817 | Tomb:1   | Noticed a greater mummy
 91817 | Tomb:1   | Noticed a greater mummy
 91839 | Tomb:1   | Killed a greater mummy
 91843 | Tomb:1   | Killed a greater mummy
 91843 | Tomb:1   | Noticed a greater mummy
 92364 | Tomb:1   | Noticed a greater mummy
 92368 | Tomb:1   | Killed a greater mummy
 92441 | Tomb:1   | Killed a greater mummy
 92574 | Tomb:1   | Noticed a greater mummy
 92578 | Tomb:1   | Killed a greater mummy
 92813 | Tomb:3   | Entered Level 3 of the Tomb of the Ancients
 92842 | Tomb:3   | Noticed a greater mummy
 92843 | Tomb:3   | Noticed a greater mummy
 92847 | Tomb:3   | Killed a greater mummy
 92849 | Tomb:3   | Noticed a greater mummy
 92853 | Tomb:3   | Killed a greater mummy
 92856 | Tomb:3   | Noticed a greater mummy
 92866 | Tomb:3   | Killed a greater mummy
 92874 | Tomb:3   | Killed a greater mummy
 92945 | Tomb:3   | Noticed a greater mummy
 92955 | Tomb:3   | Killed a greater mummy
 93083 | Tomb:3   | Noticed a greater mummy
 93089 | Tomb:3   | Killed a greater mummy
 93092 | Tomb:3   | Noticed a greater mummy
 93094 | Tomb:3   | Noticed a greater mummy
 93106 | Tomb:3   | HP: 19/409 [bennu (8)]
 93106 | Tomb:3   | HP: 8/409 [greater mummy (2)]
 93107 | Tomb:3   | The Shining One protects you from harm!
 93107 | Tomb:3   | The Shining One protects you from harm!
 93107 | Tomb:3   | Slain by a bennu

Illustrated notes

Levels and vault maps discovered:
D:1:      lemuel_arrival_lava_pool, layout_loops_corners, serial_rivers,
          chequers_serial_rivers_micro_e, chequers_serial_rivers_micro_a,
          chequers_serial_rivers_room_b, chequers_serial_rivers_small_3,
          chequers_serial_rivers_micro_c, chequers_serial_rivers_micro_c
D:2:      layout_basic, first_ration
D:3:      minmay_spotlight, layout_loops_ring, ashenzari_conservatory_becter,
          st_stairs_1, tgw_trog
D:4:      layout_basic, uniq_grinder
D:5:      layout_gridville, minmay_temple_entry_slanted
D:6:      layout_rooms, ebering_ghost_rock_garden, uniq_maggie
D:7:      layout_cave_pods, minmay_misc_feat_x
D:8:      gammafunk_steamed_eel, layout_basic, serial_shops,
          kennysheep_little_box
D:9:      layout_stronghold, lair_entry_dummy
D:10:     hangedman_cross_stitches, layout_gridville, uniq_sonja
D:11:     layout_long_grid, grunt_tengu_nest, uniq_josephine, uniq_gastronok,
          uniq_grum
D:12:     layout_small_grid, orc_0_dummy, uniq_jorgrun
D:13:     layout_roguey, ximxim_vaults_locker_room, enter_bailey_2,
          serial_glass, glass_columns_a, glass_columns_b, wad_hexagon
D:14:     layout_big_octagon, minivault_12, uniq_snorg
D:15:     grunt_enter_depths_snipers, layout_loops_ring, gammafunk_ghost_grave,
          serial_bayou_pond_d, basic_altar, uniq_louise
Temple:   dpeg_three_leaves_temple
Lair:1:   layout_small_grid
Lair:2:   layout_roguey, minmay_shoals_entry_centaurs, zaba_antful_of_joy,
          lemuel_fruit_tree, serial_bayou_shore_b, grunt_megastairs_1
Lair:3:   layout_roguey, spider_nest_entry_webs, cheibrodos_lair_lostbears,
          uniq_nergalle
Lair:4:   layout_cellular_growth, gammafunk_ghost_wrathful_warriors
Lair:5:   beast_lair_carwin_large_3, layout_cave_pods, special_room
          [special_room_mythical_zoo], portal_ice_cave_rime
Lair:6:   minmay_lair_end_enchanted_forest, layout_hall_layers, slime_altar_2
Shoals:1: layout_shoals, nicolae_shoals_siren_and_animal_friends
Shoals:2: layout_shoals, nicolae_shoals_water_shrine
Shoals:3: cheibrodos_shoals_three_sisters, layout_shoals, serial_shops,
          shop_fountains, uniq_bai_suzhen
Shoals:4: shoals_end_grunt_ice, layout_shoals, uniq_polyphemus
Spider:1: layout_spider_delve
Spider:2: layout_spider_delve, hive_lemuel
Spider:3: layout_spider_delve, ebering_ghost_inner_flame,
          hangedman_spider_mandibles, drop_trap
Spider:4: guppyfry_spider_rune, gammafunk_ghost_necromancy
Slime:1:  layout_caves, cheibrodos_slime_lost_civilization_5
Slime:2:  layout_caves
Slime:3:  layout_caves
Slime:4:  layout_caves
Slime:5
Orc:1:    layout_diamond_mine
Orc:2:    st_orc_rangers, layout_caves, serial_shops, nicolae_shop_behind_doors
Elf:1:    eino_elf_arrival_shootout, layout_geoelf_grid, serial_shops,
          bzr_entry_lakeside, orc_legates, uniq_roxanne
Elf:2:    layout_gridlike, portal_desolation_entry_salt, serial_shops, shop,
          uniq_asterion
Elf:3:    elf_hall, layout_onion_city, serial_shops, nicolae_shop_behind_doors,
          ebering_ghost_inner_flame, hangedman_summoners_spam
Vaults:1: gammafunk_vaults_ghost_necromancy, ontoclasm_vaults_misaligned,
          vaults_dpeg_cross, hangedman_vaults_stream,
          ontoclasm_vaults_ring_small, ontoclasm_vaults_idyll, v_misc_18,
          v_misc_2, grunt_vaults_funnel, nicolae_vaults_three_branches,
          v_pattern_3, ontoclasm_vaults_gateway, layout_vaults_ring,
          serial_shops, bzr_entry_road
Vaults:2: grunt_vaults_swirl, grunt_vaults_focal, nicolae_vaults_shelves_hall,
          kb_rosetta, v_pattern_5, v_misc_29, ontoclasm_vaults_bender,
          vaults_room_pools, nicolae_vaults_little_ls, v_alt_pattern_1,
          layout_vaults_chaotic_city, serial_shops, nicolae_shop_stone
Vaults:3: grunt_vaults_funneled_arena, nicolae_vaults_arrows, v_alt_pattern_6,
          vaults_dpeg_ring, vaults_room_octagon,
          ontoclasm_vaults_claustrophobia, grunt_vaults_bifocal,
          vaults_dpeg_diagonal, ontoclasm_vaults_shuriken,
          minmay_crypt_entry_simple_statues, nicolae_vaults_ring_of_whatevers,
          vaults_room_pools, ontoclasm_vaults_eye, layout_vaults_maze_snakey,
          uniq_mara
Vaults:4: hangedman_vaults_nails, nicolae_vaults_big_angled_halls,
          hangedman_vaults_corner_blocks, ontoclasm_vaults_ring_large,
          nicolae_vaults_alarming, nicolae_vaults_puzzle_piece, v_rooms_2,
          hangedman_vaults_trim, vaults_mumra_chevron,
          vaults_room_stairs_pillars, ontoclasm_vaults_chip,
          layout_vaults_omnicross
Vaults:5: serial_shops
Crypt:1:  layout_misc_corridors
Crypt:2:  layout_chaotic_city, minmay_misc_feat_rows
Crypt:3:  cryptofortress_bobbens
Tomb:1
Tomb:2:   uniq_frederick
Tomb:3

Skill      XL: |  1  2  3  4  5  6  7  8  9 10 11 12 13 14 15 16 17 18 19 20 21 22 23 24 25 26 27 |
---------------+----------------------------------------------------------------------------------+-----
Axes           | 3 4 5 6 7 9 11 13 14 15 16 17 19 20 23 25 26 27 | 27.0
Fighting       | 4 5 6 7 9 10 11 13 14 15 17 18 19 21 23 25 26 27 | 27.0
Invocations    | 2 7 12 14 16 | 16.2
Dodging        | 2 6 7 8 10 13 14 16 | 16.7
Armour         | 4 8 10 11 13 14 16 17 19 | 19.8
Crossbows      | 8 9 11 14 17 18 20 | 20.9
Evocations     | 1 3 |  3.0
Throwing       | 8 14 17 21 | 21.8
Shields        | |  3.6

Action                   |  1- 3 |  4- 6 |  7- 9 | 10-12 | 13-15 | 16-18 | 19-21 | 22-24 | 25-27 || total
-------------------------+-------+-------+-------+-------+-------+-------+-------+-------+-------++-------
Melee: War axe           |    77 |   119 |   346 |   713 |   604 |       |       |       |       ||  1859
       Headbutt          |     8 |    10 |    62 |   207 |   378 |   265 |   230 |   299 |   443 ||  1902
       Hand axe          |       |       |       |    34 |    22 |       |       |       |       ||    56
       Broad axe         |       |       |       |       |   322 |       |       |       |       ||   322
       Battleaxe         |       |       |       |       |   554 |   471 |    17 |       |       ||  1042
       Halberd           |       |       |       |       |    35 |       |       |       |       ||    35
       Executioner's axe |       |       |       |       |       |   636 |   997 |  1042 |  1708 ||  4383
 Fire: Hunting sling     |       |       |     1 |    18 |    19 |       |       |       |       ||    38
       Arbalest          |       |       |       |       |    28 |   108 |   168 |   241 |   201 ||   746
Throw: Javelin           |       |       |       |       |       |       |     7 |     8 |   110 ||   125
       Stone             |       |       |       |       |       |       |     2 |       |       ||     2
Invok: Heroism           |       |       |     1 |     6 |     1 |     1 |     1 |       |       ||    10
       Finesse           |       |       |       |     1 |     7 |     4 |     2 |     8 |     1 ||    23
       Vitalisation      |       |       |       |       |       |       |       |       |     2 ||     2
       Brand Weapon With |       |       |       |       |       |       |       |       |     1 ||     1
       Cleansing Flame   |       |       |       |       |       |       |       |       |     5 ||     5
       Divine Shield     |       |       |       |       |       |       |       |       |     3 ||     3
       Summon Divine War |       |       |       |       |       |       |       |       |     1 ||     1
 Abil: Evoke Flight      |       |       |       |       |       |    22 |    17 |       |       ||    39
       Stop Flying       |       |       |       |       |       |     3 |     1 |       |       ||     4
       Evoke Invisibilit |       |       |       |       |       |       |       |     1 |       ||     1
Evoke: Wand              |       |       |       |       |     7 |     1 |       |     1 |     2 ||    11
       Box of beasts     |       |       |       |       |       |       |       |     2 |       ||     2
  Use: Scroll            |       |       |       |       |       |    40 |     6 |     8 |    23 ||    77
       Potion            |       |       |       |       |       |     2 |       |       |    19 ||    21
 Stab: Distracted        |       |       |       |       |       |       |     1 |     1 |     2 ||     4
       Petrified         |       |       |       |       |       |       |     3 |       |       ||     3
       Petrifying        |       |       |       |       |       |       |     1 |       |       ||     1
       Invisible         |       |       |       |       |       |       |       |     2 |       ||     2
  Eat: Chunk             |     1 |     8 |    14 |    21 |    53 |    38 |    33 |    31 |    17 ||   216
       Ration            |       |       |       |     2 |       |     4 |     2 |     5 |    13 ||    26
Armor: Scale mail        |    19 |    39 |    44 |       |       |       |       |       |       ||   102
       Plate armour      |       |       |    56 |   224 |   589 |   553 |   406 |   554 |   813 ||  3195
       Skin              |       |       |       |       |       |       |       |       |   161 ||   161
Dodge: Dodged            |    14 |    25 |    82 |   176 |   721 |   604 |   402 |   597 |  1191 ||  3812
       Repelled          |       |       |       |     8 |    48 |    60 |    61 |    29 |    62 ||   268
Block: Kite shield       |    29 |    61 |   120 |   244 |   373 |       |       |       |       ||   827
       Other             |       |       |       |       |       |       |       |       |    71 ||    71
